 Dungeon Crawl Stone Soup version 0.27.1-33-g824d729ab1 (webtiles) character file.

Game seed: 1450734967258063128

61 Currelius the Covered (level 4, -1/35 HPs)
             Began as a Human Fighter on Nov 25, 2021.
             Slain by Natasha (4 damage)
             ... on level 3 of the Dungeon.
             The game lasted 00:10:15 (1237 turns).

Currelius the Covered (Human Fighter)               Turns: 1237, Time: 00:10:15

Health: -1/35      AC:  5    Str: 18    XL:     4   Next: 27%
Magic:  4/4        EV:  8    Int:  8    God:
Gold:   118        SH:  9    Dex: 12    Spells: 3/3 levels left

rFire    . . .     SeeInvis .   a - +0 long sword
rCold    . . .     Faith    .   c - +0 kite shield
rNeg     . . .     Spirit   .   l - +0 ring mail
rPois    .         Reflect  .   (no helmet)
rElec    .         Harm     .   (no cloak)
rCorr    .         Rampage  .   (no gloves)
Will     .....                  (no boots)
Stlth    +.........             (no amulet)
HPRegen  0.11/turn              (no ring)
MPRegen  0.09/turn              (no ring)

@: slowed, very slow
A: no striking features
a: no special abilities


You were on level 3 of the Dungeon.
You visited 1 branch of the dungeon, and saw 3 of its levels.

You collected 118 gold pieces.

Inventory:

Hand Weapons
 a - a +0 long sword (weapon)
 g - a +0 hunting sling
 k - a +2 short sword of draining
 o - a +0 spear
Missiles
 h - 19 sling bullets
Armour
 b - a +0 scale mail
 c - a +0 kite shield (worn)
 f - a +0 leather armour
 l - a +0 ring mail (worn)
Scrolls
 e - 2 scrolls of teleportation {unknown}
 i - a scroll of identify {unknown}
 n - a scroll of blinking {unknown}
 s - a scroll of noise {unknown}
Potions
 d - a potion of might
 j - a potion of attraction {unknown}
 m - a potion of degeneration {unknown}
 p - a potion of flight {unknown}
 q - a potion of brilliance {unknown}
 r - a potion of magic {unknown}


   Skills:
 + Level 3.3 Fighting
 + Level 2.6 Long Blades
 + Level 3.6 Armour
 + Level 0.1 Dodging
 + Level 3.5 Shields


You had 3 spell levels left.
You didn't know any spells.
Your spell library was empty.

Dungeon Overview and Level Annotations

Branches:
Dungeon (3/15)

Altars:

Shops:
D:1 !!(

Annotations:
D:3 Natasha


Message History

You slash the rat!
You kill the rat!
Natasha, Servant of Life and Death comes into view.
Natasha hisses angrily.
Natasha barely misses you.
You hit Natasha.
Natasha is moderately wounded.
Natasha claws you!
You closely miss Natasha.
Natasha is moderately wounded.
You block Natasha's attack. Natasha claws you.
You closely miss Natasha.
Natasha is moderately wounded.
Natasha claws you but does no damage.
You hit Natasha.
Natasha is moderately wounded.
Natasha stares at you and mumbles some strange words.
You feel yourself slow down.
Natasha mumbles some strange words.
You barely miss Natasha.
Natasha is moderately wounded.
You block Natasha's attack. Natasha claws you.
You slash Natasha!
Natasha is almost dead.
Natasha closely misses you. Natasha claws you. You block Natasha's attack.
Natasha stares at you and mumbles some strange words.
You feel as though you will be slow longer.
You hit Natasha but do no damage.
Natasha is almost dead.
Natasha wildly gestures.
Natasha's front paws start to glow.
Natasha claws you.
* * * LOW HITPOINT WARNING * * *
You block Natasha's attack.
You miss Natasha.
Natasha is almost dead.
Natasha claws you!
* * * LOW HITPOINT WARNING * * *
Natasha claws you.
You die...

#....#####...#
#............#
#............#
#............###
#.[.............
#...............
#...............
####...............
#.@................
#h##...............
#5#######..........
#.# ###..........
#.. ........##...
#############.##...
#...............
#..........####.
#...............


You could see Natasha and a crimson imp (summoned).

Vanquished Creatures
  An adder (D:2)
  A worm (D:3)
  3 dart slugs (D:1)
  6 ball pythons
  3 endoplasms
  2 giant cockroaches
  2 goblins (D:1)
  4 hobgoblins
  4 quokkas
  3 bats
  4 frilled lizards
  5 kobolds (D:2)
  6 rats
44 creatures vanquished.

Notes
Turn   | Place    | Note
-------+----------+-------------------------------------------
     0 | D:1      | Currelius the Human Fighter began the quest for the Orb.
     0 | D:1      | Reached XP level 1. HP: 18/18 MP: 1/1
    83 | D:1      | Found Soson's Distillery.
   143 | D:1      | Reached XP level 2. HP: 24/24 MP: 2/2
   167 | D:1      | Found Woczuuff's Distillery.
   230 | D:1      | Found Bodub's Antique Weapon Emporium.
   418 | D:1      | Reached XP level 3. HP: 23/29 MP: 3/3
   766 | D:2      | Found a faded altar of an unknown god.
  1056 | D:2      | Reached XP level 4. HP: 17/35 MP: 4/4
  1227 | D:3      | Noticed Natasha
  1237 | D:3      | Slain by Natasha

Illustrated notes

Levels and vault maps discovered:
D:1:      minmay_arrival_solitary_statue, layout_loops_ring, serial_shops, shop,
          shop, shop
D:2:      layout_basic, hellmonk_ecumenical_altar_arch_garden
D:3:      layout_basic, nicolae_overflow_hidden_temple,
          chequers_temple_overflow_statue_of_worship, uniq_natasha

Action                   |  1- 3 |  4- 6 || total
-------------------------+-------+-------++-------
Melee: Long sword        |   117 |    24 ||   141
Armor: Scale mail        |    19 |       ||    19
       Ring mail         |    31 |     2 ||    33
Dodge: Dodged            |    41 |    10 ||    51
Block: Kite shield       |    59 |    13 ||    72
       Rpst.: Long sword |    14 |     5 ||    19
